 Dungeon Crawl Stone Soup version 0.13.0-59-g13bd910 (webtiles) character file.

1363 Antunes the Skirmisher (level 8, -1/67 HPs)
             Began as a Hill Orc Gladiator on Nov 20, 2013.
             Was an Initiate of Ashenzari.
             Succumbed to a gnoll sergeant's poison
             ... on Level 5 of the Dungeon on Nov 21, 2013.
             The game lasted 01:00:23 (4938 turns).

Antunes the Skirmisher (Hill Orc Gladiator)         Turns: 4938, Time: 01:00:23

HP  -1/67        AC 14     Str 18      XL: 8   Next: 10%
MP   7/7         EV 13     Int  9      God: Ashenzari [......]
Gold 438         SH  0     Dex 13      Spells:  0 memorised,  7 levels left

Res.Fire  : . . .   See Invis. : .   B - +3 orc falchion (protect) (curse)
Res.Cold  : . . .   Warding    : .   I - +0 robe {Archmagi}
Life Prot.: . . .   Conserve   : .   (no shield)
Res.Poison: .       Res.Corr.  : .   c - +1 orc helmet
Res.Elec. : .       Clarity    : .   (no cloak)
Sust.Abil.: . .     Spirit.Shd : .   S - +0 pair of orc gloves
Res.Mut.  : .       Stasis     : .   (no boots)
Res.Rott. : .       Flight     : .   V - amulet of the gourmand
Gourmand  : +                        i - +1 ring of intelligence
                                     j - +4 ring of protection

@: extremely poisoned, slightly resistant to hostile enchantments, fairly
stealthy
A: saprovore 1
a: Renounce Religion


You were on level 5 of the Dungeon.
You worshipped Ashenzari.
Ashenzari was noncommittal.
You were not hungry.

You visited 2 branches of the dungeon, and saw 8 of its levels.

You collected 418 gold pieces.

Inventory:

Hand weapons
 f - a +2,+1 mace
 t - a +1,+3 dagger of venom
 v - a +0,+0 halberd
 x - a +4,+1 spear of venom
 B - a cursed +3,+3 orcish falchion of protection (weapon)
 T - a +1,+0 dwarven morningstar
Missiles
 d - 3 throwing nets
 l - 17 darts
 n - 7 exploding darts (quivered)
 r - 8 steel javelins
Armour
 c - a +1 orcish helmet (worn)
 I - a +0 robe of the Archmagi (worn)
 S - a +0 pair of orcish gloves (worn)
Magical devices
 a - a wand of polymorph (18) {unknown}
 b - a wand of magic darts (20) {unknown}
 p - a wand of paralysis (21) {unknown}
 R - a wand of fireball (3) {unknown}
Comestibles
 g - 3 pears
 s - 4 chunks of gnoll flesh {@w1}
 w - 2 bread rations
 A - 2 chokos
Scrolls
 h - a scroll of identify
 u - a scroll of teleportation
 O - 3 scrolls of remove curse
Jewellery
 i - a +1 ring of intelligence (right hand)
 j - a +4 ring of protection (left hand)
 C - an uncursed amulet of guardian spirit
 V - an amulet of the gourmand (around neck)
Potions
 e - 3 potions of heal wounds
 k - a potion of brilliance
 m - 6 potions of curing
 o - 2 potions of restore abilities
 q - a potion of magic {unknown}
 z - a potion of might
 D - a potion of berserk rage


   Skills:
 * Level 5.6 Fighting
 + Level 5.4 Long Blades
 + Level 0.9 Maces & Flails
 * Level 3.4 Throwing
 + Level 2.8 Armour
 + Level 4.0 Dodging
 * Level 2.9 Stealth


You had 7 spell levels left.
You didn't know any spells.

Dungeon Overview and Level Annotations

Branches:
Dungeon (7/27)             Temple (1/1) D:6
    Orc: D:6-11

Altars:
Ashenzari
Elyvilon
Kikubaaqudgha
Makhleb
Nemelex Xobeh
Vehumet
Xom
Zin
the Shining One
Lugonu

Annotations:
D:3 elenap21's ghost, average DrTm


Innate Abilities, Weirdness & Mutations

You can tolerate rotten meat.


Message History

You are more poisoned.
You completely miss the gnoll sergeant.
The gnoll sergeant is severely wounded.
You feel sick.
The gnoll sergeant hits you but does no damage.
You are more poisoned.
You hit the gnoll sergeant but do no damage.
The gnoll sergeant is severely wounded.
You feel sick.
The gnoll sergeant hits you with a spear of venom!
You are more poisoned.
You barely miss the gnoll sergeant.
The gnoll sergeant is severely wounded.
You feel sick.
You feel a little better.
The gnoll sergeant hits you with a spear of venom.
* * * LOW HITPOINT WARNING * * *
You are more poisoned.
You hit the gnoll sergeant.
The gnoll sergeant is almost dead.
* * * LOW HITPOINT WARNING * * *
You feel extremely sick.
The gnoll sergeant hits you but does no damage.
You are more poisoned.
You hit the gnoll sergeant.
You kill the gnoll sergeant!
* * * LOW HITPOINT WARNING * * *
You feel sick.
* * * LOW HITPOINT WARNING * * *
You feel very sick.
Things that are here:
an uncursed spear of venom; an uncursed ring mail; a gnoll corpse
x - a +4,+1 spear of venom
* * * LOW HITPOINT WARNING * * *
You feel very sick.
* * * LOW HITPOINT WARNING * * *
You feel very sick.
* * * LOW HITPOINT WARNING * * *
You feel very sick.
You die...

#....# #.# #....# #.#
##...#### #.# ###.......# #.#
#.........######.############
#.........%..................
#............................
################.######.....#
. #...@...............#
.....###[######.##...#......
.........#### #.##...###...#
#....####..<###.###### #...#
...g.......)...# ##.##
#######...##### #.# #####
#.## #... #%..


There were no monsters in sight!

Vanquished Creatures
  A hippogriff (D:7)
  2 ogres
  A gnoll sergeant (D:5)
  A hippogriff skeleton (D:6)
  A quasit (D:6)
  2 crimson imps
  3 hounds
  2 orc wizards (D:4)
  An iguana (D:6)
  A scorpion (D:4)
  A worker ant (D:4)
  A hound skeleton (D:4)
  7 gnolls
  3 adders
  3 worms
  A giant eyeball (D:4)
  9 orcs
  2 ball pythons
  11 goblins
  12 hobgoblins
  2 quokkas
  7 bats
  6 giant cockroaches
  4 giant geckos
  8 giant newts
  5 jackals
  6 kobolds
  A kobold zombie (D:5)
  5 rats
109 creatures vanquished.

Vanquished Creatures (others)
  3 gnolls (D:4)
  A rat (D:4)
4 creatures vanquished.

Grand Total: 113 creatures vanquished

Notes
Turn   | Place    | Note
--------------------------------------------------------------
     0 | D:1      | Antunes, the Hill Orc Gladiator, began the quest for the Orb.
     0 | D:1      | Reached XP level 1. HP: 18/18 MP: 0/0
   137 | D:1      | Reached XP level 2. HP: 11/25 MP: 1/1
   663 | D:2      | Reached skill level 3 in Fighting
   733 | D:2      | Reached XP level 3. HP: 31/31 MP: 2/2
   853 | D:3      | Noticed elenap21's ghost (average DrTm)
  1348 | D:2      | Reached XP level 4. HP: 36/38 MP: 3/3
  1592 | D:2      | Reached skill level 1 in Stealth
  1963 | D:3      | Reached skill level 4 in Long Blades
  2027 | D:4      | Reached skill level 1 in Armour
  2027 | D:4      | Reached skill level 3 in Dodging
  2137 | D:4      | Reached XP level 5. HP: 45/45 MP: 4/4
  2930 | D:4      | Reached skill level 4 in Fighting
  3039 | D:4      | Reached XP level 6. HP: 41/52 MP: 5/5
  3272 | D:5      | Entered Level 5 of the Dungeon
  3320 | D:4      | Reached skill level 2 in Stealth
  3379 | D:4      | Found a radiant altar of Vehumet.
  3460 | D:4      | Noticed an ogre
  3466 | D:4      | Killed an ogre
  3706 | D:5      | Reached skill level 2 in Armour
  3706 | D:5      | Reached XP level 7. HP: 54/59 MP: 6/6
  4009 | D:7      | Reached skill level 5 in Fighting
  4038 | D:7      | Found a white marble altar of Elyvilon.
  4214 | D:7      | Noticed a hippogriff
  4222 | D:7      | Killed a hippogriff
  4222 | D:7      | Reached skill level 5 in Long Blades
  4222 | D:7      | Reached skill level 3 in Throwing
  4241 | D:6      | Found a glowing silver altar of Zin.
  4243 | D:6      | Noticed an angel
  4244 | D:6      | Found a shimmering altar of Xom.
  4367 | D:6      | Reached skill level 4 in Dodging
  4384 | D:6      | Found a staircase to the Ecumenical Temple.
  4412 | Temple   | Entered the Ecumenical Temple
  4463 | Temple   | Became a worshipper of Ashenzari the Shackled
  4870 | D:5      | Reached XP level 8. HP: 67/67 MP: 7/7
  4938 | D:5      | Succumbed to a gnoll sergeant's poison

Action                   |  1- 3 |  4- 6 |  7- 9 || total
-------------------------+-------+-------+-------++-------
Melee: Falchion          |   137 |   136 |    92 ||   365
       Mace              |       |    42 |       ||    42
Throw: Dart              |       |     5 |     5 ||    10
  Use: Scroll            |     3 |    14 |     4 ||    21
 Stab: Sleeping          |       |     2 |       ||     2

Table legend:
 A = Turns spent in this place as a percentage of turns spent in the entire game.
 B = Non-inter-level travel turns spent in this place as a percentage of non-inter-level travel turns spent in the entire game.
 C = Inter-level travel turns spent in this place as a percentage of turns spent in this place.
 D = Turns resting spent in this place as a percentage of non-inter-level travel turns spent in this place.
 E = Turns spent auto-exploring this place as a percentage of non-inter-level travel turns spent in this place.
 F = Non-inter-level travel turns spent in this place divided by the number of levels of this place that you've seen.
                   A       B       C       D       E      F
               +-------+-------+-------+-------+-------+----------------------
         Total | 100.0 | 100.0 |   0.0 |   1.0 |   1.0 | 429.9
       Dungeon |  98.1 |  98.1 |   0.0 |   1.0 |   0.9 | 481.7
        Temple |   1.9 |   1.9 |   0.0 |   0.0 |   3.0 |  67.0
               +-------+-------+-------+-------+-------+----------------------

Table legend:
 A = Kills in this place as a percentage of kills in entire the game.
 B = Kills by you in this place as a percentage of kills by you in the entire game.
 C = Kills by friends in this place as a percentage of kills by friends in the entire game.
 D = Other kills in this place as a percentage of other kills in the entire game.
 E = Experience gained in this place as a percentage of experience gained in the entire game.
 F = Experience gained in this place divided by the number of levels of this place that you have seen.
                   A       B       C       D       E      F
               +-------+-------+-------+-------+-------+----------------------
         Total | 100.0 | 100.0 |  -nan |  -nan | 100.0 | 165.2
       Dungeon | 100.0 | 100.0 |  -nan |  -nan | 100.0 | 188.9
               +-------+-------+-------+-------+-------+----------------------

Vault maps used:
D:1:      dpeg_entry_shrine, minivault_25
D:2:      wad_woods_river_01, st_stairs_5
D:3:      minmay_misc_feat_more_columns
D:4:      fiery_altar_vehumet, first_bread
D:6:      grunt_temple_overflow_order_and_chaos_1, lemuel_round_altar,
          lightli_church_of_beogh
D:7:      basic_altar
Temple:   corrupted_temple_6

Action                   |  1- 3 |  4- 6 |  7- 9 || total
-------------------------+-------+-------+-------++-------
Melee: Falchion          |   137 |   136 |    92 ||   365
       Mace              |       |    42 |       ||    42
Throw: Dart              |       |     5 |     5 ||    10
  Use: Scroll            |     3 |    14 |     4 ||    21
 Stab: Sleeping          |       |     2 |       ||     2
Dungeon Crawl Stone Soup version 0.13.0-59-g13bd910 (webtiles) character file. 1363 Antunes the Skirmisher (level 8, -1/67 HPs) Began as a Hill Orc Gladiator on Nov 20, 2013. Was an Initiate of Ashenzari. Succumbed to a gnoll sergeant's poison ... on Level 5 of the Dungeon on Nov 21, 2013. The game lasted 01:00:23 (4938 turns). Antunes the Skirmisher (Hill Orc Gladiator) Turns: 4938, Time: 01:00:23 HP -1/67 AC 14 Str 18 XL: 8 Next: 10% MP 7/7 EV 13 Int 9 God: Ashenzari [......] Gold 438 SH 0 Dex 13 Spells: 0 memorised, 7 levels left Res.Fire : . . . See Invis. : . B - +3 orc falchion (protect) (curse) Res.Cold : . . . Warding : . I - +0 robe {Archmagi} Life Prot.: . . . Conserve : . (no shield) Res.Poison: . Res.Corr. : . c - +1 orc helmet Res.Elec. : . Clarity : . (no cloak) Sust.Abil.: . . Spirit.Shd : . S - +0 pair of orc gloves Res.Mut. : . Stasis : . (no boots) Res.Rott. : . Flight : . V - amulet of the gourmand Gourmand : + i - +1 ring of intelligence j - +4 ring of protection @: extremely poisoned, slightly resistant to hostile enchantments, fairly stealthy A: saprovore 1 a: Renounce Religion You were on level 5 of the Dungeon. You worshipped Ashenzari. Ashenzari was noncommittal. You were not hungry. You visited 2 branches of the dungeon, and saw 8 of its levels. You collected 418 gold pieces. Dungeon Overview and Level Annotations Branches: Dungeon (7/27) Temple (1/1) D:6 Orc: D:6-11 Altars: Ashenzari Elyvilon Kikubaaqudgha Makhleb Nemelex Xobeh Vehumet Xom Zin the Shining One Lugonu Annotations: D:3 elenap21's ghost, average DrTm Innate Abilities, Weirdness & Mutations You can tolerate rotten meat. Skills: * Level 5.6 Fighting + Level 5.4 Long Blades + Level 0.9 Maces & Flails * Level 3.4 Throwing + Level 2.8 Armour + Level 4.0 Dodging * Level 2.9 Stealth You had 7 spell levels left. You didn't know any spells. Inventory: Hand weapons f - a +2,+1 mace t - a +1,+3 dagger of venom v - a +0,+0 halberd x - a +4,+1 spear of venom B - a cursed +3,+3 orcish falchion of protection (weapon) T - a +1,+0 dwarven morningstar Missiles d - 3 throwing nets l - 17 darts n - 7 exploding darts (quivered) r - 8 steel javelins Armour c - a +1 orcish helmet (worn) I - a +0 robe of the Archmagi (worn) S - a +0 pair of orcish gloves (worn) Magical devices a - a wand of polymorph (18) {unknown} b - a wand of magic darts (20) {unknown} p - a wand of paralysis (21) {unknown} R - a wand of fireball (3) {unknown} Comestibles g - 3 pears s - 4 chunks of gnoll flesh {@w1} w - 2 bread rations A - 2 chokos Scrolls h - a scroll of identify u - a scroll of teleportation O - 3 scrolls of remove curse Jewellery i - a +1 ring of intelligence (right hand) j - a +4 ring of protection (left hand) C - an uncursed amulet of guardian spirit V - an amulet of the gourmand (around neck) Potions e - 3 potions of heal wounds k - a potion of brilliance m - 6 potions of curing o - 2 potions of restore abilities q - a potion of magic {unknown} z - a potion of might D - a potion of berserk rage Message History You are more poisoned. You completely miss the gnoll sergeant. The gnoll sergeant is severely wounded. You feel sick. The gnoll sergeant hits you but does no damage. You are more poisoned. You hit the gnoll sergeant but do no damage. The gnoll sergeant is severely wounded. You feel sick. The gnoll sergeant hits you with a spear of venom! You are more poisoned. You barely miss the gnoll sergeant. The gnoll sergeant is severely wounded. You feel sick. You feel a little better. The gnoll sergeant hits you with a spear of venom. * * * LOW HITPOINT WARNING * * * You are more poisoned. You hit the gnoll sergeant. The gnoll sergeant is almost dead. * * * LOW HITPOINT WARNING * * * You feel extremely sick. The gnoll sergeant hits you but does no damage. You are more poisoned. You hit the gnoll sergeant. You kill the gnoll sergeant! * * * LOW HITPOINT WARNING * * * You feel sick. * * * LOW HITPOINT WARNING * * * You feel very sick. Things that are here: an uncursed spear of venom; an uncursed ring mail; a gnoll corpse x - a +4,+1 spear of venom * * * LOW HITPOINT WARNING * * * You feel very sick. * * * LOW HITPOINT WARNING * * * You feel very sick. * * * LOW HITPOINT WARNING * * * You feel very sick. You die... #....# #.# #....# #.# ##...#### #.# ###.......# #.# #.........######.############ #.........%.................. #............................ ################.######.....# . #...@...............# .....###[######.##...#...... .........#### #.##...###...# #....####..<###.###### #...# ...g.......)...# ##.## #######...##### #.# ##### #.## #... #%.. There were no monsters in sight!

Vanquished Creatures
  A hippogriff (D:7)
  2 ogres
  A gnoll sergeant (D:5)
  A hippogriff skeleton (D:6)
  A quasit (D:6)
  2 crimson imps
  3 hounds
  2 orc wizards (D:4)
  An iguana (D:6)
  A scorpion (D:4)
  A worker ant (D:4)
  A hound skeleton (D:4)
  7 gnolls
  3 adders
  3 worms
  A giant eyeball (D:4)
  9 orcs
  2 ball pythons
  11 goblins
  12 hobgoblins
  2 quokkas
  7 bats
  6 giant cockroaches
  4 giant geckos
  8 giant newts
  5 jackals
  6 kobolds
  A kobold zombie (D:5)
  5 rats
109 creatures vanquished.

Vanquished Creatures (others)
  3 gnolls (D:4)
  A rat (D:4)
4 creatures vanquished. Grand Total:
113 creatures vanquished Notes Turn | Place | Note -------------------------------------------------------------- 0 | D:1 | Antunes, the Hill Orc Gladiator, began the quest for the Orb. 0 | D:1 | Reached XP level 1. HP: 18/18 MP: 0/0 137 | D:1 | Reached XP level 2. HP: 11/25 MP: 1/1 663 | D:2 | Reached skill level 3 in Fighting 733 | D:2 | Reached XP level 3. HP: 31/31 MP: 2/2 853 | D:3 | Noticed elenap21's ghost (average DrTm) 1348 | D:2 | Reached XP level 4. HP: 36/38 MP: 3/3 1592 | D:2 | Reached skill level 1 in Stealth 1963 | D:3 | Reached skill level 4 in Long Blades 2027 | D:4 | Reached skill level 1 in Armour 2027 | D:4 | Reached skill level 3 in Dodging 2137 | D:4 | Reached XP level 5. HP: 45/45 MP: 4/4 2930 | D:4 | Reached skill level 4 in Fighting 3039 | D:4 | Reached XP level 6. HP: 41/52 MP: 5/5 3272 | D:5 | Entered Level 5 of the Dungeon 3320 | D:4 | Reached skill level 2 in Stealth 3379 | D:4 | Found a radiant altar of Vehumet. 3460 | D:4 | Noticed an ogre 3466 | D:4 | Killed an ogre 3706 | D:5 | Reached skill level 2 in Armour 3706 | D:5 | Reached XP level 7. HP: 54/59 MP: 6/6 4009 | D:7 | Reached skill level 5 in Fighting 4038 | D:7 | Found a white marble altar of Elyvilon. 4214 | D:7 | Noticed a hippogriff 4222 | D:7 | Killed a hippogriff 4222 | D:7 | Reached skill level 5 in Long Blades 4222 | D:7 | Reached skill level 3 in Throwing 4241 | D:6 | Found a glowing silver altar of Zin. 4243 | D:6 | Noticed an angel 4244 | D:6 | Found a shimmering altar of Xom. 4367 | D:6 | Reached skill level 4 in Dodging 4384 | D:6 | Found a staircase to the Ecumenical Temple. 4412 | Temple | Entered the Ecumenical Temple 4463 | Temple | Became a worshipper of Ashenzari the Shackled 4870 | D:5 | Reached XP level 8. HP: 67/67 MP: 7/7 4938 | D:5 | Succumbed to a gnoll sergeant's poison
